 Dungeon Crawl Stone Soup version 0.30.0-19-gbf45117a57 (webtiles) character file.

Game seed: 1360561071518500155

422 qw the Chopper (level 6, -1/38 HPs)
             Began as a Gargoyle Fighter on May 25, 2023.
             Slain by Edmund
             ... wielding a +1 heavy flail
              (6 damage)
             ... on level 4 of the Dungeon.
             The game lasted 00:01:48 (2734 turns).

qw the Chopper (Gargoyle Fighter)                   Turns: 2734, Time: 00:01:49

Health: -1/38      AC: 18    Str: 22    XL:     6   Next: 95%
Magic:  6/6        EV:  8    Int:  8    God:
Gold:   194        SH: 10    Dex: 15    Spells: 5/5 levels left

rFire   . . .        Y - +2 war axe
rCold   . . .        c - +0 buckler
rNeg    + . .        u - +0 chain mail
rPois   inf          g - +0 helmet
rElec   +            (no cloak)
rCorr   .            (no gloves)
SInv    .            (no boots)
Will    .....        l - amulet of reflection Stlth
                     k - +6 ring of dexterity
HPRegen 0.26/turn    m - +4 ring of protection
MPRegen 0.10/turn

%: reflection
@: about to teleport
A: sickness immunity, AC +4, negative energy resistance 1, electricity
resistance, torment resistance 1, petrification resistance
a: no special abilities


You were on level 4 of the Dungeon.
You visited 1 branch of the dungeon, and saw 4 of its levels.

You collected 194 gold pieces.


Innate Abilities, Weirdness & Mutations

You are immune to sickness and miasma.
Your stone body is resilient. (AC +4)
You are immune to poison.
You resist negative energy. (rN+)
You are resistant to electric shocks. (rElec)
You are resistant to unholy torment.
You are immune to petrification.


   Skills:
 - Level 4.2 Fighting
 + Level 5.8 Axes
 - Level 1.0 Throwing
 - Level 3.2 Armour
 - Level 1.0 Dodging
 - Level 3.2 Shields


You had 5 spell levels left.
You didn't know any spells.
Your spell library was empty.

Inventory:

Hand Weapons
 p - a +0 flail
 Y - a +2 war axe (weapon)
Missiles
 o - 2 javelins (quivered)
 r - 3 boomerangs
Armour
 c - a +0 buckler (worn)
 g - a +0 helmet (worn)
 u - a +0 chain mail (worn)
Jewellery
 e - a ring of protection from fire
 k - a +6 ring of dexterity (left hand)
 l - an amulet of reflection (around neck)
 m - a +4 ring of protection (right hand)
Scrolls
 a - 2 scrolls of identify
 f - a scroll of teleportation
Potions
 b - a potion of attraction {unknown}
 d - a potion of might
 h - 3 potions of heal wounds
 i - a potion of resistance
 j - 2 potions of haste
 n - a potion of mutation {unknown}
 s - a potion of ambrosia {unknown}

Dungeon Overview and Level Annotations

Branches:
Dungeon (4/15)
 Temple: D:4-7

Altars:
Yredelemnul

Annotations:
D:4 1 runed translucent door, Edmund


Message History

You barely miss Edmund.
Edmund is moderately wounded.
Edmund hits you but does no damage.
You hit Edmund but do no damage.
Edmund is moderately wounded.
You closely miss Edmund.
Edmund is moderately wounded.
Edmund zaps a wand.
You block puff of flame... and reflect it back!
The puff of flame hits Edmund but does no damage.
You block Edmund's attack.
You slash Edmund!
Edmund is severely wounded.
You slash Edmund!
Edmund is severely wounded.
Edmund hits you with a +1 heavy flail!
You hit Edmund.
Edmund is almost dead.
Edmund zaps a wand.
The puff of flame hits you.
You barely miss Edmund.
Edmund is almost dead.
Edmund closely misses you.
You hit Edmund but do no damage.
Edmund is almost dead.
Edmund zaps a wand.
The puff of flame hits you but does no damage.
You closely miss Edmund.
Edmund is severely wounded.
You block Edmund's attack.
You hit Edmund.
Edmund is almost dead.
Edmund zaps a wand.
The puff of flame hits you.
You completely miss Edmund.
Edmund is almost dead.
Edmund hits you with a +1 heavy flail!
2734 ||| READING 2 scrolls of teleportation.
As you read the scroll of teleportation, it crumbles to dust.
You feel strangely unstable. Edmund hits you with a +1 heavy flail.
You die...

#.#.#.#.#.##
#######.### #.#
#.# ##'## ##...##
##.....##
#.......##
#.......@@####...
+.........'......
#.........##.#...
##.......## #
##.....## ##...##
##+#


You could see Edmund.

Vanquished Creatures
  2 phantoms (D:4)
  A scorpion (D:4)
  An orc priest (D:4)
  Ijyb (D:4)
  An orc wizard (D:4)
  2 adders (D:4)
  3 worms
  4 dart slugs
  9 orcs
  11 ball pythons
  14 endoplasms
  2 giant cockroaches (D:1)
  8 goblins
  8 hobgoblins
  4 jackals (D:3)
  A quokka (D:1)
  12 bats
  2 frilled lizards
  A jackal zombie (D:4)
  9 kobolds
  A kobold skeleton (D:4)
  3 rats
100 creatures vanquished.

Notes
Turn   | Place    | Note
-------+----------+-------------------------------------------
     0 | D:1      | qw the Gargoyle Fighter began the quest for the Orb.
     0 | D:1      | Reached XP level 1. HP: 14/14 MP: 1/1
     0 | D:1      | 0 ||| qw: Version: 0.2-a-98-g5d7165a
     0 | D:1      | 0 ||| qw: Game counter: 81
     0 | D:1      | 0 ||| qw: Always use a shield: true
     0 | D:1      | 0 ||| qw: God list: Okawaru
     0 | D:1      | 0 ||| qw: Allow faded altars: false
     0 | D:1      | 0 ||| qw: Do Orc after D:15 true
     0 | D:1      | 0 ||| qw: Do second Lair branch before Depths: true
     0 | D:1      | 0 ||| qw: Lair rune preference: random
     0 | D:1      | 0 ||| qw: Plans: Normal, Zot:1-4, God:TSO, Crypt, Tomb,
                  | Pan, Slime:5, Hells, Abyss, Win
     0 | D:1      | 0 ||| PLANNING D:1-11
    31 | D:1      | Reached skill level 2 in Axes
   156 | D:1      | Reached XP level 2. HP: 15/19 MP: 2/2
   317 | D:1      | Reached skill level 3 in Axes
   373 | D:1      | Reached XP level 3. HP: 23/23 MP: 3/3
   830 | D:1      | 830 ||| UPGRADING to +0 helmet.
   835 | D:1      | 835 ||| DROPPING orb of mayhem.
   836 | D:1      | 836 ||| DROPPING ring of flight.
   837 | D:1      | 837 ||| UPGRADING to +6 ring of dexterity.
   838 | D:1      | 838 ||| DROPPING ring of wizardry.
   839 | D:1      | 839 ||| READING 4 scrolls labelled KUAVUXETIA.
   840 | D:1      | 840 ||| READING scroll labelled PIOTHE POESK.
   841 | D:1      | 841 ||| READING scroll labelled JURPHE NEUHU.
   842 | D:1      | 842 ||| READING scroll labelled FUISASCHYTHRE.
   843 | D:1      | 843 ||| DRINKING 2 bubbling blue potions.
   844 | D:1      | 844 ||| DRINKING 2 blue potions.
   845 | D:1      | 845 ||| READING 3 scrolls of identify.
   845 | D:1      | 845 ||| IDENTIFYING fuming coppery potion
   846 | D:1      | 846 ||| READING 2 scrolls of identify.
   846 | D:1      | 846 ||| IDENTIFYING smoky clear potion
   847 | D:1      | 847 ||| DROPPING potion of flight.
   848 | D:1      | 848 ||| DROPPING potion of degeneration.
  1009 | D:2      | Identified the +9 quarterstaff "Doext" {drain, *Slow +Blink
                  | Str+3}
  1147 | D:2      | Found a faded altar of an unknown god.
  1268 | D:2      | Reached XP level 4. HP: 28/28 MP: 4/4
  1461 | D:2      | 1461 ||| UPGRADING to amulet of reflection.
  1466 | D:2      | 1466 ||| UPGRADING to +4 ring of protection.
  1467 | D:2      | 1467 ||| READING scroll labelled ANTUTIXE COKIU.
  1468 | D:2      | 1468 ||| READING scroll labelled ROISEI JIECHU.
  1469 | D:2      | 1469 ||| READING scroll labelled UCIPODAQUH.
  1473 | D:2      | 1473 ||| DRINKING 2 viscous emerald potions.
  1474 | D:2      | 1474 ||| READING 2 scrolls of identify.
  1474 | D:2      | 1474 ||| IDENTIFYING sedimented clear potion
  1475 | D:2      | 1475 ||| DROPPING potion of brilliance.
  1580 | D:3      | Reached skill level 4 in Axes
  1716 | D:3      | 1716 ||| DROPPING +0 club.
  1988 | D:3      | Reached skill level 1 in Throwing
  2066 | D:3      | 2066 ||| READING scroll of enchant weapon.
  2066 | D:3      | 2066 ||| ENCHANTING +1 war axe.
  2073 | D:3      | 2073 ||| UPGRADING to +0 chain mail.
  2083 | D:3      | 2083 ||| DROPPING +0 scale mail.
  2084 | D:3      | 2084 ||| READING scroll labelled LIUVVO AWASHO.
  2102 | D:3      | 2102 ||| READING scroll labelled QOEG SIL LEP.
  2103 | D:3      | 2103 ||| READING 2 scrolls of identify.
  2103 | D:3      | 2103 ||| IDENTIFYING cyan potion
  2127 | D:4      | 2127 ||| Stepping ~*~*~tactically~*~*~ (hiding).
  2129 | D:4      | 2129 ||| Stepping ~*~*~tactically~*~*~ (hiding).
  2184 | D:4      | 2184 ||| Stepping ~*~*~tactically~*~*~ (stealth).
  2191 | D:4      | Reached skill level 1 in Dodging
  2191 | D:4      | 2191 ||| Stepping ~*~*~tactically~*~*~ (hiding).
  2325 | D:4      | Reached XP level 5. HP: 30/32 MP: 5/5
  2436 | D:4      | 2436 ||| Stepping ~*~*~tactically~*~*~ (stealth).
  2437 | D:4      | 2437 ||| Stepping ~*~*~tactically~*~*~ (stealth).
  2452 | D:4      | Noticed Ijyb
  2454 | D:4      | 2454 ||| Stepping ~*~*~tactically~*~*~ (hiding).
  2459 | D:4      | 2459 ||| DRINKING 3 potions of curing.
  2459 | D:4      | 2459 ||| (to cure confusion)
  2464 | D:4      | 2464 ||| DRINKING 2 potions of curing.
  2464 | D:4      | 2464 ||| (to cure confusion)
  2468 | D:4      | 2468 ||| DRINKING potion of curing.
  2468 | D:4      | 2468 ||| (to cure confusion)
  2489 | D:4      | Killed Ijyb
  2490 | D:4      | Reached skill level 5 in Axes
  2510 | D:4      | Found a runed translucent door.
  2510 | D:4      | Noticed a human
  2511 | D:4      | Found a basalt altar of Yredelemnul.
  2516 | D:4      | Noticed a phantom
  2522 | D:4      | Killed a phantom
  2523 | D:4      | Reached XP level 6. HP: 34/38 MP: 6/6
  2623 | D:4      | 2623 ||| Stepping ~*~*~tactically~*~*~ (hiding).
  2710 | D:4      | Noticed Edmund
  2711 | D:4      | 2711 ||| Stepping ~*~*~tactically~*~*~ (hiding).
  2712 | D:4      | 2712 ||| Stepping ~*~*~tactically~*~*~ (hiding).
  2714 | D:4      | 2714 ||| Stepping ~*~*~tactically~*~*~ (hiding).
  2733 | D:4      | HP: 5/38 [Edmund/+1 heavy flail (8)]
  2734 | D:4      | 2734 ||| READING 2 scrolls of teleportation.
  2734 | D:4      | Slain by Edmund

Levels and vault maps discovered:
D:1:      lemuel_arrival_muddy, layout_loops_ring, moated_statue
D:2:      layout_basic, shapermc_ecumenical_altar_rom_forum
D:3:      minmay_bubble_buster, layout_rooms
D:4:      layout_loops_corners, dk_yredelemnul_ordeal, lemuel_temple_firewalk_b,
          st_stairs_10, small_statue_intersection, uniq_ijyb, uniq_pikel,
          uniq_edmund

Skill      XL: |  1  2  3  4  5 |
---------------+----------------+-----
Axes           | 2 3 4 5 |  5.8
Throwing       | 1 |  1.0
Dodging        | 1 |  1.0
Fighting       | 4 |  4.2
Armour         | |  3.2
Shields        | |  3.2

Action                     |  1- 3 |  4- 6 || total
---------------------------+-------+-------++-------
  Melee: War axe           |   129 |   146 ||   275
  Throw: Javelin           |       |    23 ||    23
         Boomerang         |       |     4 ||     4
    Use: Scroll            |     6 |     9 ||    15
         Potion            |     2 |     4 ||     6
 Armour: Scale mail        |    67 |    31 ||    98
         Chain mail        |       |    43 ||    43
  Dodge: Dodged            |    53 |    50 ||   103
  Block: Buckler           |    23 |    66 ||    89
         Reflection        |       |     2 ||     2

Table legend:
 A = Non-vault XP
 B = Vault XP
 C = Vault XP percentage of total XP
 D = Non-vault monster count
 E = Vault monster count
 F = Vault count percentage of total count
                 A         B        C        D         E       F
            +---------+---------+-------+---------+---------+-------
      Total |     538 |      65 |  10.8 |      84 |      16 |  16.0
            +---------+---------+-------+---------+---------+-------
        D:1 |      59 |       0 |   0.0 |      34 |       0 |   0.0
        D:2 |      26 |       0 |   0.0 |      13 |       0 |   0.0
        D:3 |      38 |      24 |  38.7 |      18 |      12 |  40.0
        D:4 |     415 |      41 |   9.0 |      19 |       4 |  17.4
            +---------+---------+-------+---------+---------+-------
